 Dungeon Crawl Stone Soup version 0.24.0-13-gcf9b319 (webtiles) character file.

Game seed: 8422956354077124751, levelgen mode: deterministic

12638 warborn304 the Basher (level 11, -2/102 HPs)
             Began as a Minotaur Berserker on Dec 22, 2019.
             Was a High Priest of Trog.
             Slain by a salamander (shapeshifter) (9 damage)
             ... on level 13 of the Dungeon.
             The game lasted 00:30:30 (9607 turns).

warborn304 the Basher (Minotaur Berserker)          Turns: 9607, Time: 00:30:31

Health: -2/102     AC: 19    Str: 31    XL:     11   Next: 65%
Magic:  10/10      EV: 20    Int:  4    God:    Trog [*****.]
Gold:   740        SH:  0    Dex: 17    Spells: 10/10 levels left

rFire    . . .     SeeInvis .   N - +0 great mace
rCold    . . .     Gourm    +   (shield currently unavailable)
rNeg     . . .     Faith    .   J - +4 ring mail "Giaki" {Str+6 Dex+4}
rPois    +         Spirit   .   (helmet restricted)
rElec    .         Reflect  .   x - +0 cloak "Pueweer" {-Tele rPois Str+3}
rCorr    .         Harm     .   k - +0 pair of gloves
MR       .....     NoTele   +   l - +2 pair of boots
Stlth    ++........             y - amulet of the gourmand
HPRegen  0.27/turn              e - +5 ring of evasion
MPRegen  0.12/turn              a - +1 ring of protection

@: berserk cooldown, slowed, very slow
A: retaliatory headbutt, horns 2
a: Berserk, Trog's Hand, Brothers in Arms, Renounce Religion


You were on level 13 of the Dungeon.
You worshipped Trog.
Trog was extremely pleased with you.
You were not hungry.

You visited 1 branch of the dungeon, and saw 11 of its levels.

You collected 740 gold pieces.

Inventory:

Hand Weapons
 o - a +0 flail
 D - a +0 antimagic halberd
 I - a +1 whip of draining
 L - a +1 antimagic glaive
 N - a +0 great mace (weapon)
 O - a +2 whip of electrocution
Missiles
 C - 4 silver boomerangs
 H - 2 boomerangs
 K - a javelin (quivered)
Armour
 i - a +1 plate armour
 k - a +0 pair of gloves (worn)
 l - a +2 pair of boots (worn)
 x - the +0 cloak "Pueweer" (worn) {-Tele rPois Str+3}
   (You found it on level 5 of the Dungeon)

   It affects your strength (+3).
   It protects you from poison.
   It prevents most forms of teleportation.
 J - the +4 ring mail "Giaki" (worn) {Str+6 Dex+4}
   (You found it on level 7 of the Dungeon)

   It affects your strength (+6).
   It affects your dexterity (+4).
Jewellery
 a - a +1 ring of protection (right hand)
 e - a +5 ring of evasion (left hand)
 r - a +4 ring of strength
 y - an amulet of the gourmand (around neck)
 M - a cursed -2 ring of evasion
Wands
 s - a wand of iceblast (7)
 t - a wand of random effects (23)
 F - a wand of flame (32)
 G - a wand of polymorph (6)
Scrolls
 f - a scroll of identify
 h - a scroll of blinking
 j - 2 scrolls of teleportation
 p - 3 scrolls of fear
 u - a scroll of magic mapping {unknown}
 A - 2 scrolls of remove curse
 B - a scroll of enchant armour
Potions
 b - 3 potions of brilliance {unknown}
 d - 6 potions of agility {unknown}
 g - 6 potions of curing {unknown}
 m - 3 potions of heal wounds {unknown}
 n - a potion of haste
 q - 4 potions of flight {unknown}
 v - a potion of might {unknown}
 w - 2 potions of lignification {unknown}
 z - a potion of ambrosia {unknown}
 E - a potion of invisibility {unknown}
Comestibles
 c - 19 rations


   Skills:
 + Level 11.4 Fighting
 + Level 13.6 Maces & Flails
 + Level 4.1 Throwing
 + Level 11.6 Armour
 + Level 5.2 Dodging
 + Level 2.3 Stealth


You had 10 spell levels left.
You didn't know any spells.
Your spell library contained the following spells:

 Spells                   Type           Power        Failure   Level  Hunger
 Confusing Touch          Hex            #.....       58%         1    ##.....
 Confuse                  Hex            #.......     91%         3    ####...
 Gell's Gravitas          Tloc           #.........   91%         3    ####...
 Petrify                  Tmut/Erth      #.......     100%        4    #####..
 Metabolic Englaciation   Hex/Ice        #.........   100%        5    ######.
 Yara's Violent Unravell  Hex/Tmut       #.........   100%        5    ######.


Dungeon Overview and Level Annotations

Branches:
Dungeon (10/15)            Temple (0/1) D:6
   Lair: D:8-11         Orc: D:9-12

Altars:
Fedhas
Gozag
Kikubaaqudgha
Makhleb
Nemelex Xobeh
Okawaru
Qazlal
Ru
Sif Muna
Trog
Uskayaw
Wu Jian
Xom
Zin

Shops:
D:10 :[***


Innate Abilities, Weirdness & Mutations

You reflexively headbutt those who attack you in melee.
You have a pair of horns on your head.


Message History

Reactivating autopickup.
Something hits you but does no damage.
Deactivating autopickup; reactivate with Ctrl-A.
Something misses you.
You sock something! Your headbutt misses something. Something misses you.
Something barely misses you. The salamander hits you!
* * * LOW HITPOINT WARNING * * *
You are engulfed in flames!
* * * LOW HITPOINT WARNING * * *
Something hits you!
* * * LOW HITPOINT WARNING * * *
Something bites you.
* * * LOW HITPOINT WARNING * * *
Something draws strength from your injuries!
You cannot teleport because you are wearing the +0 cloak "Pueweer" {-Tele rPois Str+3}.
You completely miss something. Your headbutt misses something.
The salamander hits you.
* * * LOW HITPOINT WARNING * * *
You are engulfed in flames!
You die...

# #...####
.#......# ..(.....#
+.....#
#.....########
##(...()......#
#)()(()).....[+
#.####N.)......#
........@.......#
.....###...{.......
#.... #..###...###
#... ##.# ...# #...
#.. ##.# ##. .# .


You could see a salamander.

Vanquished Creatures
  A centaur warrior (D:13)
  A two-headed ogre (D:10)
  Pikel (D:7)
  An orc knight (D:10)
  A queen bee (D:9)
  A troll (D:13)
  Prince Ribbit (D:5)
  Grinder (D:6)
  A hippogriff (D:7)
  A spriggan (D:8)
  2 wraiths (D:10)
  A vampire (D:10)
  Eustachio (D:6)
  A wyvern (D:9)
  10 yaks
  2 hungry ghosts
  Duvessa (D:6)
  2 sky beasts
  2 orc warriors
  4 ice beasts
  2 phantoms (D:10)
  3 slaves (D:7)
  8 ogres
  An eye of draining (D:10)
  A necrophage (D:8)
  7 centaurs
  A crocodile (D:7)
  4 big kobolds
  6 bullfrogs
  Dowan (D:6)
  5 scorpions
  16 killer bees
  A wight (D:10)
  4 howler monkeys
  11 crimson imps
  A centaur skeleton (D:4)
  7 hounds
  7 orc priests
  A quasit (D:7)
  2 bullfrog zombies
  2 gnoll shamans
  3 jellies
  8 orc wizards
  4 iguanas
  4 worker ants
  A hound zombie (D:5)
  2 hound skeletons
  A worker ant zombie (D:7)
  10 gnolls
  11 adders
  A shadow imp (D:10)
  2 oozes
  2 worms
  2 dart slugs
  7 leopard geckos
  29 orcs
  2 bats
  21 giant cockroaches
  5 goblins
  7 hobgoblins
  8 jackals
  3 quokkas
  2 ball pythons (D:1)
  5 frilled lizards
  18 kobolds
  8 rats
  2 plants (D:7)
295 creatures vanquished.

Vanquished Creatures (collateral kills)
  A manticore (D:13)
  Joseph (D:7)
  A tengu conjurer (D:10)
  2 ice beasts
  A gnoll sergeant (D:7)
  An orc priest (D:7)
  3 gnolls (D:7)
  A shadow imp (D:7)
  3 kobolds
14 creatures vanquished.

Vanquished Creatures (others)
  A slave (D:7)
  A shadow imp (D:7)
  9 plants (D:7)
11 creatures vanquished.

Grand Total: 320 creatures vanquished

Notes
Turn   | Place    | Note
-------+----------+-------------------------------------------
     0 | D:1      | warborn304 the Minotaur Berserker began the quest for the
                  | Orb.
     0 | D:1      | Reached XP level 1. HP: 19/19 MP: 0/0
    82 | D:1      | Reached XP level 2. HP: 17/27 MP: 1/1
   577 | D:1      | Reached skill level 4 in Maces & Flails
  1401 | D:2      | Reached XP level 3. HP: 28/33 MP: 2/2
  1561 | D:2      | Reached ** piety under Trog
  1630 | D:2      | Found a bloodstained altar of Trog.
  1642 | D:2      | Reached XP level 4. HP: 35/41 MP: 3/3
  1652 | D:2      | Reached skill level 5 in Maces & Flails
  2268 | D:2      | Reached XP level 5. HP: 39/47 MP: 4/4
  2362 | D:3      | Reached *** piety under Trog
  2409 | D:3      | Reached skill level 6 in Maces & Flails
  2409 | D:3      | Reached XP level 6. HP: 51/55 MP: 5/5
  2411 | D:3      | Reached skill level 5 in Fighting
  2562 | D:3      | Found a sparkling altar of Nemelex Xobeh.
  2609 | D:3      | Found an iron altar of Okawaru.
  2765 | D:3      | Found a blossoming altar of Fedhas.
  3302 | D:4      | Noticed a fire elemental
  3303 | D:4      | Found a stormy altar of Qazlal.
  3305 | D:4      | Noticed an air elemental
  3306 | D:4      | Noticed a water elemental
  3591 | D:4      | Reached XP level 7. HP: 42/62 MP: 6/6
  3722 | D:4      | Reached skill level 7 in Maces & Flails
  3776 | D:4      | Got a transparent scale mail
  3778 | D:4      | Identified the cursed +0 scale mail of the Lute {Int+6}
                  | (You found it on level 4 of the Dungeon)
  4021 | D:5      | Entered Level 5 of the Dungeon
  4069 | D:5      | Noticed Prince Ribbit
  4081 | D:5      | Killed Prince Ribbit
  4081 | D:5      | Reached skill level 5 in Armour
  4216 | D:5      | Reached skill level 8 in Maces & Flails
  4266 | D:5      | Found an ancient bone altar of Kikubaaqudgha.
  4272 | D:5      | Reached **** piety under Trog
  4272 | D:5      | Reached XP level 8. HP: 57/71 MP: 7/7
  4304 | D:5      | Got a steaming cloak
  4305 | D:5      | Identified the +0 cloak "Pueweer" {-Tele rPois Str+3} (You
                  | found it on level 5 of the Dungeon)
  4553 | D:5      | Reached skill level 9 in Maces & Flails
  4886 | D:6      | Found a staircase to the Ecumenical Temple.
  4889 | D:6      | Noticed Eustachio
  4931 | D:6      | Killed Eustachio
  4931 | D:6      | Reached skill level 10 in Maces & Flails
  5045 | D:6      | Found a hide-covered altar of Uskayaw.
  5045 | D:6      | Found a burning altar of Makhleb.
  5062 | D:6      | Noticed Grinder
  5076 | D:6      | Killed Grinder
  5102 | D:6      | Noticed Dowan
  5106 | D:6      | Noticed Duvessa
  5115 | D:6      | Killed Duvessa
  5115 | D:6      | Reached XP level 9. HP: 80/81 MP: 8/8
  5123 | D:6      | Killed Dowan
  5483 | D:7      | Noticed Pikel
  5502 | D:7      | Killed Pikel
  5502 | D:7      | Reached skill level 11 in Maces & Flails
  5502 | D:7      | Reached skill level 1 in Throwing
  5508 | D:7      | Got a warped ring mail
  5724 | D:7      | Found a shimmering blue altar of Sif Muna.
  6293 | D:7      | Reached skill level 1 in Stealth
  6386 | D:7      | Reached skill level 12 in Maces & Flails
  6404 | D:7      | Reached ***** piety under Trog
  6423 | D:7      | Reached XP level 10. HP: 91/91 MP: 9/9
  6442 | D:7      | Noticed Joseph
  6484 | D:7      | Killed Joseph
  6690 | D:7      | Found a glowing silver altar of Zin.
  7096 | D:8      | Reached skill level 10 in Armour
  7108 | D:8      | Reached skill level 10 in Fighting
  7547 | D:8      | Found an ornate altar of the Wu Jian Council.
  7775 | D:9      | Reached skill level 13 in Maces & Flails
  7839 | D:9      | Found a shimmering altar of Xom.
  7865 | D:9      | Found an iron altar of Okawaru.
  8184 | D:9      | Reached XP level 11. HP: 82/101 MP: 10/10
  8455 | D:10     | Entered Level 10 of the Dungeon
  8492 | D:10     | Found Tigg's General Store.
  8506 | D:10     | Identified the +4 ring mail "Giaki" {Str+6 Dex+4} (You
                  | found it on level 7 of the Dungeon)
  8545 | D:10     | Found Muts's Antique Armour Shoppe.
  8647 | D:10     | Found Huveurch's General Store.
  8686 | D:10     | Found a sacrificial altar of Ru.
  8756 | D:10     | Found an opulent altar of Gozag.
  8764 | D:10     | Found Kyes's General Store.
  8825 | D:10     | Noticed a two-headed ogre
  8845 | D:10     | Received a gift from Trog
  8976 | D:10     | Killed a two-headed ogre
  9146 | D:10     | Noticed an orc knight
  9162 | D:10     | Killed an orc knight
  9507 | D:10     | Found Unarerom's Book Shop.
  9541 | D:10     | You fall into a shaft and drop 3 floors!
  9557 | D:13     | Noticed a centaur warrior
  9575 | D:13     | Killed a centaur warrior
  9575 | D:13     | Reached skill level 5 in Dodging
  9607 | D:13     | Slain by a salamander (shapeshifter)

Levels and vault maps discovered:
D:1:      evilmike_arrival_crescent, layout_basic
D:2:      minmay_roachtagon, layout_basic, nicolae_overflow_crystal_walls
D:3:      layout_rooms, nemelex_xobeh_ov_fountains_minmay,
          fedhas_altar_fruit_tree, okawaru_ov_weapons_minmay, first_ration,
          minmay_misc_feat_four_crosses
D:4:      layout_loops_corners, nicolae_qazlal_style_of_elements, serial_glass,
          glass_columns_a, glass_columns_a, kennysheep_pointless_box,
          st_stairs_11, grunt_decor_one_mirror
D:5:      layout_basic, old_standard_altar, serial_bayou_ford_a,
          uniq_prince_ribbit1
D:6:      layout_rooms, chequers_temple_overflow_statue_of_worship,
          minmay_temple_entry_offerings, minmay_misc_feat_cross, uniq_eustachio,
          uniq_duvessa, uniq_grinder
D:7:      kennysheep_housing_project, layout_rooms, led_sif_pool,
          lemuel_coloured_pillars_altar, uniq_joseph, uniq_pikel
D:8:      layout_loops_cross, old_standard_altar, the_bakery
D:9:      layout_basic, old_standard_altar, basic_altar,
          nicolae_looking_at_the_future
D:10:     kennysheep_windowed_halls, layout_small_grid, serial_shops,
          nicolae_shop_window_shopping, kennysheep_little_box,
          nicolae_shop_trees, shop, nicolae_shop_trees, hangedman_feature_mirror
D:13:     layout_basic, david_vaults_1

Skill      XL: |  1  2  3  4  5  6  7  8  9 10 11 |
---------------+----------------------------------+-----
Fighting       | 4 5 6 8 9 10 11 | 11.4
Maces & Flails | 4 5 6 8 10 12 13 | 13.6
Armour         | 3 4 5 7 8 10 11 | 11.6
Throwing       | 1 2 4 |  4.1
Stealth        | 1 2 |  2.3
Dodging        | 3 5 |  5.2

Action                   |  1- 3 |  4- 6 |  7- 9 | 10-12 || total
-------------------------+-------+-------+-------+-------++-------
Melee: Mace              |    86 |     9 |       |       ||    95
       Headbutt          |     8 |    23 |    54 |   142 ||   227
       Flail             |       |   151 |   218 |       ||   369
       Whip              |       |       |    47 |   461 ||   508
       Great mace        |       |       |       |    18 ||    18
Throw: Javelin           |       |       |     4 |    10 ||    14
       Boomerang         |       |       |       |    24 ||    24
Invok: Berserk           |     1 |     1 |       |     1 ||     3
       Brothers in Arms  |       |       |       |     5 ||     5
  Use: Scroll            |     1 |     2 |    17 |     3 ||    23
 Stab: Sleeping          |       |       |       |     2 ||     2
  Eat: Chunk             |     2 |     8 |     5 |    21 ||    36
       Ration            |       |       |     2 |     1 ||     3
Armor: Animal skin       |     5 |       |       |       ||     5
       Plate armour      |    49 |   151 |   141 |   129 ||   470
       Ring mail         |       |       |       |    46 ||    46
Dodge: Dodged            |    56 |    84 |   189 |   280 ||   609
